 Dungeon Crawl Stone Soup version 0.30-a0-1050-g2766ea1e55 (webtiles) character file.

Game seed: 4836096963128510074

105 Ic0nGaming the Cutter (level 5, -4/32 HPs)
             Began as a Kobold Fighter on Apr 10, 2023.
             Succumbed to Duvessa's poison
             ... on level 4 of the Dungeon.
             The game lasted 00:04:09 (3228 turns).

Ic0nGaming the Cutter (Kobold Fighter)              Turns: 3228, Time: 00:04:10

Health: -4/32      AC:  5    Str: 15    XL:     5   Next: 9%
Magic:  0/5        EV: 11    Int:  9    God:
Gold:   202        SH:  4    Dex: 15    Spells: 4/4 levels left

rFire   . . .      SeeInvis .    a - +0 rapier
rCold   . . .      Faith    .    c - +0 buckler
rNeg    . . .      Spirit   +    h - +0 ring mail
rPois   .          Reflect  .    (no helmet)
rElec   .          Rampage  .    (no cloak)
rCorr   .                        (no gloves)
Will    .....                    (no boots)
Stlth   ++                       g - amulet of guardian spirit
HPRegen 0.25/turn                (no ring)
MPRegen 0.09/turn                (no ring)

@: mighty, lethally poisoned (-4 -> -27), attractive, flying
A: small, no large weapons, nightstalker 3
a: no special abilities


You were on level 4 of the Dungeon.
You visited 1 branch of the dungeon, and saw 4 of its levels.

You collected 202 gold pieces.

Inventory:

Hand Weapons
 a - a +0 rapier (weapon)
Missiles
 e - 6 poisoned darts (quivered)
Armour
 c - a +0 buckler (worn)
 h - a +0 ring mail (worn)
Jewellery
 g - an amulet of guardian spirit (around neck)
Scrolls
 l - a scroll of identify
 m - a scroll of blinking
Potions
 b - a potion of haste
 f - a potion of mutation
 i - a potion of attraction
 j - a potion of flight
 k - a potion of magic {unknown}


   Skills:
 - Level 3.2 Fighting
 * Level 5.9 Short Blades
 - Level 2.4 Armour
 + Level 2.3 Stealth
 - Level 2.4 Shields


You had 4 spell levels left.
You didn't know any spells.
Your spell library was empty.

Dungeon Overview and Level Annotations

Branches:
Dungeon (4/15)
 Temple: D:4-7

Altars:
Kikubaaqudgha
Nemelex Xobeh
Vehumet
Wu Jian

Annotations:
D:4 Dowan, Duvessa


Innate Abilities, Weirdness & Mutations

You are small and have problems with some larger weapons.
You are completely attuned to the shadows.


Message History

Found a radiant altar of Vehumet.
Duvessa, Sister of Dowan comes into view.
She is wielding a +1 short sword of venom.
Found an ornate altar of the Wu Jian Council.
The helpless Dowan fails to defend himself.
You impale Dowan!!
Dowan is severely wounded.
Duvessa shouts!
Dowan hits you with a +3 dagger of freezing.
Dowan freezes you.
You feel very mighty all of a sudden. Dowan closely misses you.
An endoplasm comes into view.
The endoplasm quivers.
You hit Dowan.
Dowan is almost dead.
Dowan points at you and mumbles some strange words.
You block the puff of frost.
You hit Dowan but do no damage.
Dowan is almost dead.
Dowan points at you and mumbles some strange words.
The puff of flame misses you.
A kobold comes into view. It is wielding a +0 short sword.
Duvessa hits you with a +1 short sword of venom.
You are poisoned.
Duvessa attacks as you move away!
Duvessa hits you with a +1 short sword of venom!
You are more poisoned.
You feel very sick.
Dowan drinks a potion.
Dowan is healed!
You feel very sick.
It was a potion of attraction.
You feel attractive to monsters.
* * * LOW HITPOINT WARNING * * *
You feel very sick.
Duvessa hits you with a +1 short sword of venom!
* * * LOW HITPOINT WARNING * * *
You are more poisoned.
It was a potion of flight.
You feel very buoyant.
You fly up into the air.
You die...

..K. .... ....##
_8J..## ....Je#
....#e# .####@#
#.# ####.# #....#
##....#.####
......##.########
.................#
....#...#.########
.............#


You could see Duvessa, Dowan and an endoplasm.

Vanquished Creatures
  Terence (D:2)
  An adder (D:2)
  2 worms
  4 dart slugs
  2 orcs (D:3)
  5 ball pythons
  6 bats
  4 endoplasms (D:1)
  2 goblins
  7 hobgoblins
  3 jackals (D:3)
  3 quokkas (D:1)
  3 frilled lizards (D:1)
  7 kobolds
  6 rats
56 creatures vanquished.

Vanquished Creatures (others)
  8 plants
8 creatures vanquished.

Grand Total: 64 creatures vanquished

Notes
Turn   | Place    | Note
-------+----------+-------------------------------------------
     0 | D:1      | Ic0nGaming the Kobold Fighter began the quest for the Orb.
     0 | D:1      | Reached XP level 1. HP: 14/14 MP: 1/1
    37 | D:1      | Reached skill level 3 in Short Blades
   161 | D:1      | Reached XP level 2. HP: 19/19 MP: 2/2
   229 | D:1      | Reached skill level 4 in Short Blades
   481 | D:1      | Reached XP level 3. HP: 23/23 MP: 3/3
  1369 | D:2      | Noticed Terence
  1745 | D:2      | Reached skill level 5 in Short Blades
  2252 | D:2      | Killed Terence
  2253 | D:2      | Reached skill level 1 in Stealth
  2253 | D:2      | Reached XP level 4. HP: 13/28 MP: 1/4
  2851 | D:3      | Reached XP level 5. HP: 26/32 MP: 2/5
  3090 | D:3      | Found a sparkling altar of Nemelex Xobeh.
  3142 | D:3      | Found an ancient bone altar of Kikubaaqudgha.
  3218 | D:4      | Noticed Dowan
  3219 | D:4      | Found a radiant altar of Vehumet.
  3220 | D:4      | Found an ornate altar of the Wu Jian Council.
  3220 | D:4      | Noticed Duvessa
  3227 | D:4      | HP: 1/32 [Duvessa/+1 short sword of venom (8)]
  3228 | D:4      | Succumbed to Duvessa's poison

Illustrated notes

Levels and vault maps discovered:
D:1:      tarquinn_simple_flora_water_e, layout_basic
D:2:      layout_basic, serial_bayou_crossing, uniq_terence
D:3:      layout_rooms, nemelex_spade_bored_becter, mainiacjoe_overflow_brackets
D:4:      layout_basic, chequers_temple_overflow_statue_of_worship,
          ebering_ghost_sewer_d, grunt_ministairs_8, roderic_roman_lattice,
          minmay_misc_feat_four_crosses, uniq_duvessa

Skill      XL: |  1  2  3  4 |
---------------+-------------+-----
Short Blades   | 3 4 5 |  5.9
Stealth        | 1 2 |  2.3
Fighting       | |  3.2
Armour         | |  2.4
Shields        | |  2.4

Action                     |  1- 3 |  4- 6 || total
---------------------------+-------+-------++-------
  Melee: Rapier            |   118 |    84 ||   202
  Throw: Dart              |     7 |       ||     7
    Use: Scroll            |     2 |     4 ||     6
         Potion            |       |     3 ||     3
   Stab: Sleeping          |     2 |     7 ||     9
 Armour: Scale mail        |    13 |       ||    13
         Ring mail         |     8 |    15 ||    23
  Dodge: Dodged            |    52 |    33 ||    85
  Block: Buckler           |    20 |    12 ||    32

Table legend: (Time is in decaauts)
 A = Elapsed time spent in this place.
 B = Non-inter-level travel time spent in this place.
 C = Inter-level travel time spent in this place.
 D = Time resting spent in this place.
 E = Time spent auto-exploring this place.
 F = Levels seen in this place.
 G = Mean time per level.
                   A        B        C        D        E       F      G
               +--------+--------+--------+--------+--------+-----+--------+
         Total |   3245 |   3186 |     59 |    209 |   2421 |   4 |  811.2 |
       Dungeon |   3245 |   3186 |     59 |    209 |   2421 |   4 |  811.2 |
               +--------+--------+--------+--------+--------+-----+--------+

Top non-repeatable levels by time:
     D:1: 1347 daAuts
     D:2: 1226 daAuts
     D:3: 638 daAuts
     D:4: 32 daAuts
